 Dungeon Crawl Stone Soup version 0.18.1-48-g4cf74bf (webtiles) character file.

18494 Gargoyl the Protected (level 12, 0/97 HPs)
             Began as a Demonspawn Abyssal Knight on Sept 2, 2016.
             Was the Champion of Lugonu.
             Killed by vampiric draining
             ... invoked by a vampire
              (15 damage)
             ... on level 13 of the Dungeon.
             The game lasted 00:26:53 (13232 turns).

Gargoyl the Protected (Demonspawn Abyssal Knight)  Turns: 13232, Time: 00:26:54

Health: 0/97       AC: 23    Str: 15    XL:     12   Next: 28%
Magic:  14/14      EV: 13    Int: 15    God:    Lugonu [******]
Gold:   515        SH:  0    Dex: 21    Spells: 0 memorised, 11 levels left

rFire  . . .     SeeInvis .     r - +1 war axe (vamp)
rCold  + . .     Gourm    +     v - +0 plate armour
rNeg   . . .     Faith    .     (no shield)
rPois  +         Spirit   .     (helmet restricted)
rElec  .         Dismiss  .     M - +0 cloak {MR+}
rCorr  .         Reflect  .     w - +1 pair of gloves
SustAt .         Harm     .     p - +2 pair of boots
MR     +....                    s - amulet of the gourmand
Stlth  ..........               l - +2 ring of protection
                                b - ring of poison resistance

@: agile, somewhat resistant to hostile enchantments, extremely unstealthy
A: beak, hooves 2, horns 1, slimy green scales 2, agile 2, cold resistance 1,
deformed body, powered by pain 1, slow regeneration 1, spiny 1, weak 1, wild
magic 1
a: Depart the Abyss, Bend Space, Banish, Corrupt, Enter the Abyss, Brand Weapon
With Distortion, Renounce Religion


You were on level 13 of the Dungeon.
You worshipped Lugonu.
Lugonu was exalted by your worship.
You were very full.

You visited 1 branch of the dungeon, and saw 13 of its levels.
You visited the Abyss 1 time.
You also visited: Sewer.

You collected 767 gold pieces.
You spent 252 gold pieces at shops.

Inventory:

Hand Weapons
 r - a +1 vampiric war axe (weapon)
 y - a +1 war axe
 G - the +8 flail of Gallantry {flame, rC+ Int-5 SInv Stlth+}
   (You found it on level 8 of the Dungeon)

   It has been specially enchanted to burn those struck by it, causing extra
   injury to most foes and up to half again as much damage against particularly
   susceptible opponents.
   It affects your intelligence (-5).
   It protects you from cold.
   It lets you see invisible.
   It makes you more stealthy.
Missiles
 d - 19 tomahawks (quivered)
Armour
 p - a +2 pair of boots (worn)
 v - a +0 plate armour (worn)
 w - a +1 pair of gloves (worn)
 M - a +0 cloak of magic resistance (worn)
Jewellery
 b - a ring of poison resistance (left hand)
 g - an uncursed ring of protection from cold
 k - an uncursed ring of flight
 l - a +2 ring of protection (right hand)
 m - an uncursed ring of resist corrosion
 s - an amulet of the gourmand (around neck)
Wands
 a - a wand of teleportation (3/9)
 n - a wand of iceblast (5/15)
 q - a wand of digging (11/24)
 z - a wand of slowing (19/48)
 B - a wand of flame (31/48)
 C - a wand of iceblast (6/15)
 I - a wand of confusion (25/48)
Scrolls
 e - 9 scrolls of remove curse
 j - a scroll of amnesia
 o - 7 scrolls of teleportation
 E - a scroll of fog
 H - 4 scrolls of identify
Potions
 t - a potion of brilliance
 u - a potion of cancellation {unknown}
 A - a potion of flight
 D - a potion of haste
 L - 3 potions of magic {unknown}
Books
 h - a book of Alchemy

   Spells                             Type                      Level
   a - Sublimation of Blood           Necromancy                   2
   b - Ignite Poison                  Fire/Transmutation/Poison    3
   c - Petrify                        Transmutation/Earth          4
   d - Alistair's Intoxication        Transmutation/Poison         5
   e - Irradiate                      Conjuration/Transmutation    5
 F - a book of Conjurations

   Spells                             Type                      Level
   a - Magic Dart                     Conjuration                  1
   b - Searing Ray                    Conjuration                  2
   c - Dazzling Spray                 Conjuration/Hexes            3
   d - Fulminant Prism                Conjuration/Hexes            4
   e - Iskenderun's Mystic Blast      Conjuration                  4
   f - Iskenderun's Battlesphere      Conjuration/Charms           5
 K - a Grand Grimoire

   Spells                             Type                      Level
   a - Monstrous Menagerie            Summoning                    7
   b - Summon Greater Demon           Summoning                    7
   c - Malign Gateway                 Summoning/Translocation      7
   d - Summon Horrible Things         Summoning                    8
Miscellaneous
 J - an ornate deck of summoning {the Pentagram}
Comestibles
 c - 13 bread rations
 f - 12 fruits
 i - 2 slices of pizza
 x - 3 beef jerkies


   Skills:
 + Level 9.7 Fighting
 + Level 9.5 Axes
 + Level 1.4 Throwing
 * Level 12.7 Armour
 + Level 4.3 Dodging
 + Level 1.3 Stealth
 + Level 3.6 Invocations


You had 11 spell levels left.
You didn't know any spells.

Dungeon Overview and Level Annotations

Branches:
Dungeon (13/15)            Temple (0/1) D:7            Lair (0/8) D:8
    Orc (0/2) D:12
 Vaults: D:13-14

Altars:
Cheibriados
Elyvilon
Fedhas
Kikubaaqudgha
Makhleb
Qazlal
Ru
Xom
The Shining One

Shops:
D:5 (   D:6 }


Innate Abilities, Weirdness & Mutations

You have hoof-like feet.
You are mostly covered in slimy green scales (AC +3).
Your flesh is cold resistant.
You sometimes gain a little power by taking damage.
You are partially covered in sharp spines.
You have a beak for a mouth.
You have a pair of small horns on your head.
You are very agile. (Dex +4)
Armour fits poorly on your strangely shaped body.
You regenerate slowly when monsters are visible.
You are weak. (Str -2)
Your spells are a little harder to cast, but a little more powerful.


Message History

Something tries to affect you, but you resist.
You closely miss something.
You hear some strange, mumbled words.
Something tries to affect you, but you resist.
You miss something. You headbutt something.
Something hits you but does no damage. Something bites you but does no damage.
You miss something. Something hits you but does no damage. Something bites you.
* * * LOW HITPOINT WARNING * * *
Something draws strength from your injuries!
You closely miss something. You peck something. Something hits you.
* * * LOW HITPOINT WARNING * * *
Something bites you but does no damage.
You miss something. You peck something. Something hits you but does no damage.
Something bites you but does no damage.
You hit something but do no damage. You headbutt something. You peck something.
Unholy energy fills the air.
* * * LOW HITPOINT WARNING * * *
Something hits you but does no damage. Something bites you but does no damage.
You slash something! You peck something.
Unholy energy fills the air.
You die...

........#
.......#
......#
#.....#
#.....#
#.....#
#..†..#
#.<@..#
#.....#
#.....#
#.....#
......#
.......#
........#
...#######


There were no monsters in sight!

Vanquished Creatures
  Erolcha (D:8)
  Erica (D:8)
  The ghost of smzp the Frost Mage, a novice HuIE of Sif Muna (D:8)
  Sonja (D:11)
  An unseen horror (D:12)
  Pikel (D:6)
  A hill giant (D:12)
  2 ugly things
  A manticore (D:11)
  Maurice (D:11)
  3 cyclopes
  An ice statue (D:11)
  A kobold demonologist (D:12)
  The ghost of letownia the Conjurer, a novice OpWz (D:4)
  2 trolls
  Prince Ribbit (D:8)
  Sigmund (D:6)
  A spriggan (D:8)
  A wraith (D:12)
  14 yaks
  2 hippogriffs
  A hungry ghost (D:11)
  2 wargs
  A soldier ant (D:12)
  5 sky beasts
  7 orc warriors
  2 black bears
  An ice beast (D:9)
  Purgy (Sewer)
  A wasp (D:12)
  2 phantoms (D:5)
  2 necrophages
  4 ogres
  8 centaurs
  2 crocodiles
  2 big kobolds
  5 giant frogs
  An elf skeleton (D:12)
  A wyvern zombie (D:8)
  2 scorpions
  8 wights (D:10)
  4 electric eels (D:9)
  3 howler monkeys
  A wasp zombie (D:5)
  A centaur zombie (D:12)
  5 crimson imps
  3 jellies
  4 quasits
  3 giant frog zombies
  5 human zombies (D:12)
  9 hounds
  6 orc priests
  Crazy Yiuf (D:3)
  4 centaur skeletons
  2 giant frog skeletons
  2 human skeletons (D:12)
  2 iguanas (D:8)
  19 orc wizards
  5 worker ants
  A killer bee zombie (D:5)
  2 sheep (D:9)
  A hound zombie (D:5)
  A hound skeleton (D:9)
  A howler monkey zombie (D:10)
  A mummy (D:12)
  4 worker ant zombies
  6 adders
  A river rat (D:4)
  4 shadow imps
  5 oozes
  An adder zombie (D:6)
  2 adder skeletons
  3 worms
  3 dart slugs
  7 giant geckos
  57 orcs
  3 ball pythons
  5 bats
  6 giant cockroaches
  12 goblins
  8 hobgoblins
  5 jackals
  4 quokkas
  A giant gecko skeleton (D:4)
  3 giant newts
  A jackal zombie (D:5)
  34 kobolds
  An orc skeleton (D:12)
  9 rats
368 creatures vanquished.

Vanquished Creatures (others)
  2 electric eels (D:9)
  A giant gecko (D:6)
  2 starspawn tentacles (Abyss:1)
  9 starspawn tentacle segments (Abyss:1)
14 creatures vanquished.

Grand Total: 382 creatures vanquished

Notes
Turn   | Place    | Note
--------------------------------------------------------------
     0 | Abyss:1  | Gargoyl the Demonspawn Abyssal Knight began the quest for the Orb.
     0 | Abyss:1  | Reached XP level 1. HP: 18/18 MP: 2/2
    48 | Abyss:1  | Noticed a tentacled starspawn
    48 | Abyss:1  | Found an ancient bone altar of Kikubaaqudgha.
    53 | Abyss:1  | Noticed a tentacled starspawn
    59 | D:1      | Escaped the Abyss
   272 | D:1      | Reached * piety under Lugonu
   282 | D:1      | Gained mutation: You are partially covered in sharp spines. [demonic ancestry]
   282 | D:1      | Reached XP level 2. HP: 16/24 MP: 4/4
   429 | D:1      | Reached skill level 1 in Dodging
   538 | D:1      | Reached skill level 2 in Armour
   698 | D:1      | Reached XP level 3. HP: 29/29 MP: 5/5
  1044 | D:2      | Found a white marble altar of Elyvilon.
  1076 | D:2      | Reached ** piety under Lugonu
  1159 | D:2      | Found a stormy altar of Qazlal.
  1185 | D:2      | Reached XP level 4. HP: 34/37 MP: 6/6
  1331 | D:2      | Found a sacrificial altar of Ru.
  1669 | D:3      | Reached skill level 3 in Armour
  1775 | D:3      | Noticed Crazy Yiuf
  1781 | D:3      | Killed Crazy Yiuf
  1781 | D:3      | Gained mutation: You are partially covered in slimy green scales (AC +2). [demonic ancestry]
  1781 | D:3      | Reached XP level 5. HP: 26/42 MP: 7/7
  2279 | D:3      | Reached *** piety under Lugonu
  2387 | D:4      | Noticed an ogre
  2395 | D:4      | Killed an ogre
  2406 | D:4      | Reached skill level 4 in Armour
  2406 | D:4      | Reached XP level 6. HP: 28/48 MP: 8/8
  2594 | D:4      | Noticed letownia's ghost (novice OpWz)
  2611 | D:4      | Killed letownia's ghost
  2611 | D:4      | Reached skill level 5 in Armour
  2611 | D:4      | Reached XP level 7. HP: 13/55 MP: 9/9
  2631 | D:4      | Found a glowing drain.
  2643 | Sewer    | Entered a sewer
  2992 | Sewer    | Noticed Purgy
  3007 | Sewer    | Killed Purgy
  3370 | D:5      | Entered Level 5 of the Dungeon
  3370 | D:5      | Found Worouw's Weapon Emporium.
  3377 | D:5      | Bought a +0 war axe for 42 gold pieces
  3391 | D:5      | Reached skill level 6 in Armour
  3516 | D:5      | Found a snail-covered altar of Cheibriados.
  3602 | D:5      | Found a snail-covered altar of Cheibriados.
  3605 | D:5      | Reached **** piety under Lugonu
  3677 | D:5      | Gained mutation: You have large cloven feet. [demonic ancestry]
  3677 | D:5      | Reached XP level 8. HP: 56/61 MP: 10/10
  3716 | D:5      | Reached skill level 5 in Fighting
  4091 | D:6      | Noticed Pikel
  4092 | D:6      | Reached skill level 7 in Armour
  4106 | D:6      | Killed Pikel
  4106 | D:6      | Reached skill level 1 in Stealth
  4130 | D:6      | Found Yzooril's Gadget Shoppe.
  4148 | D:6      | Bought a wand of teleportation (3/9) for 210 gold pieces
  4194 | D:6      | Reached skill level 8 in Armour
  4194 | D:6      | Gained mutation: Your flesh is cold resistant. [demonic ancestry]
  4194 | D:6      | Reached XP level 9. HP: 62/69 MP: 11/11
  4201 | D:6      | Gained mutation: Your flesh is heat resistant. [mutagenic meat]
  4202 | D:6      | Gained mutation: Your flesh is very cold resistant. [mutagenic meat]
  4203 | D:6      | Gained mutation: You have a beak for a mouth. [mutagenic meat]
  4204 | D:6      | Gained mutation: You are occasionally teleported next to monsters. [mutagenic meat]
  4207 | D:6      | Lost mutation: Your flesh is very cold resistant. [potion of cure mutation]
  4207 | D:6      | Lost mutation: Your flesh is heat resistant. [potion of cure mutation]
  4207 | D:6      | Lost mutation: You are occasionally teleported next to monsters. [potion of cure mutation]
  4208 | D:6      | Gained mutation: Scrolls take you a little longer to read. [potion of mutation]
  4208 | D:6      | Gained mutation: You regenerate slowly when monsters are visible. [potion of mutation]
  4618 | D:6      | Noticed Sigmund
  4635 | D:6      | Killed Sigmund
  4823 | D:7      | Reached skill level 5 in Axes
  4999 | D:7      | Gained mutation: You are agile. (Dex +2) [mutagenic meat]
  5001 | D:7      | Gained mutation: You are very agile. (Dex +4) [mutagenic meat]
  5002 | D:7      | Lost mutation: Scrolls take you a little longer to read. [mutagenic meat]
  5020 | D:7      | Found a staircase to the Ecumenical Temple.
  5248 | D:7      | Found a burning altar of Makhleb.
  5254 | D:7      | Found a glowing golden altar of the Shining One.
  5356 | D:7      | Reached ***** piety under Lugonu
  5631 | D:8      | Noticed Erolcha
  5634 | D:8      | Paralysed by Erolcha for 5 turns
  5653 | D:8      | Killed Erolcha
  5653 | D:8      | Reached skill level 1 in Throwing
  5653 | D:8      | Reached skill level 9 in Armour
  5663 | D:8      | Gained mutation: Your mind is acute. (Int +2) [mutagenic meat]
  5681 | D:8      | Noticed smzp's ghost (novice HuIE)
  5723 | D:8      | Killed smzp's ghost
  5723 | D:8      | Gained mutation: You are mostly covered in slimy green scales (AC +3). [demonic ancestry]
  5723 | D:8      | Reached XP level 10. HP: 37/79 MP: 12/12
  6016 | D:8      | Noticed Prince Ribbit
  6045 | D:8      | Killed Prince Ribbit
  6479 | D:8      | Reached skill level 10 in Armour
  6592 | D:8      | Noticed Erica
  6612 | D:8      | Killed Erica
  6839 | D:8      | Found a staircase to the Lair.
  7226 | D:8      | Got a crude flail
  7241 | D:8      | Identified the +8 flail of Gallantry {flame, rC+ Int-5 SInv Stlth+} (You found it on level 8 of the Dungeon)
  7763 | D:9      | Found an ancient bone altar of Kikubaaqudgha.
  7763 | D:9      | Found a blossoming altar of Fedhas.
  7763 | D:9      | Noticed a white ugly thing
  7782 | D:9      | Killed a white ugly thing
  7782 | D:9      | Reached skill level 11 in Armour
  7787 | D:9      | Gained mutation: You have a pair of small horns on your head. [mutagenic meat]
  7816 | D:9      | Gained mutation: You have hoof-like feet. [demonic ancestry]
  7816 | D:9      | Reached XP level 11. HP: 65/86 MP: 13/13
  7953 | D:9      | Found a shimmering altar of Xom.
  8177 | D:9      | Gained mutation: Your spells are a little harder to cast, but a little more powerful. [mutagenic meat]
  8178 | D:9      | Gained mutation: You are weak. (Str -2) [mutagenic meat]
  8831 | D:9      | Reached ****** piety under Lugonu
  9189 | D:9      | Found a blossoming altar of Fedhas.
  9510 | D:10     | Entered Level 10 of the Dungeon
 10835 | D:11     | Noticed Sonja
 11157 | D:11     | Killed Sonja
 11157 | D:11     | Reached skill level 12 in Armour
 11386 | D:11     | HP: 4/87 [something (1)]
 11896 | D:11     | Noticed Maurice
 11919 | D:11     | Killed Maurice
 12290 | D:12     | Noticed a hill giant
 12301 | D:12     | Killed a hill giant
 12636 | D:12     | Gained mutation: You sometimes gain a little power by taking damage. [demonic ancestry]
 12636 | D:12     | Reached XP level 12. HP: 92/95 MP: 14/14
 12665 | D:12     | Found a staircase to the Orcish Mines.
 12799 | D:12     | Lost mutation: Your mind is acute. (Int +2) [a neqoxec]
 12800 | D:12     | Gained mutation: Armour fits poorly on your strangely shaped body. [a neqoxec]
 13150 | D:12     | Found an ancient bone altar of Kikubaaqudgha.
 13232 | D:13     | Killed from afar by a vampire

Skill      XL: |  1  2  3  4  5  6  7  8  9 10 11 |
---------------+----------------------------------+-----
Dodging        | 1 2 3 4 |  4.3
Armour         | 2 3 4 5 6 8 9 11 12 | 12.7
Axes           | 2 3 4 6 7 9 |  9.5
Fighting       | 4 5 7 8 9 |  9.7
Invocations    | 3 |  3.6
Stealth        | 1 |  1.3
Throwing       | 1 |  1.4

Action                   |  1- 3 |  4- 6 |  7- 9 | 10-12 || total
-------------------------+-------+-------+-------+-------++-------
Melee: Hand axe          |    66 |    73 |    31 |       ||   170
       War axe           |       |       |   241 |   592 ||   833
       Peck              |       |       |    24 |   133 ||   157
       Headbutt          |       |       |       |   111 ||   111
Throw: Tomahawk          |       |       |     7 |       ||     7
Invok: Depart the Abyss  |     1 |       |       |       ||     1
       Banish            |       |       |       |     3 ||     3
       Bend Space        |       |       |       |     1 ||     1
  Use: Scroll            |       |    10 |     8 |     8 ||    26
       Potion            |       |     2 |     6 |     5 ||    13
 Stab: Sleeping          |     1 |       |       |       ||     1
  Eat: Chunk             |     1 |    15 |    21 |    42 ||    79
Armor: Leather armour    |     8 |       |       |       ||     8
       Chain mail        |     1 |    12 |       |       ||    13
       Plate armour      |       |    44 |   292 |   596 ||   932
Dodge: Dodged            |    32 |    17 |    98 |   250 ||   397
